 Bloatcrawl 2 version 0.50.1-497-g763ebf1 (webtiles) character file.

Game seed: 14338868466454165501, levelgen mode: deterministic

226 Dorkslayer the Shield-Bearer (level 5, -1/32 HPs)
             Began as a Crystal Dwarf Fighter on Dec 1, 2020.
             Slain by a worm (8 damage)
             ... on level 3 of the Dungeon.
             The game lasted 00:07:02 (2356 turns).

Dorkslayer the Shield-Bearer (CDFi)                 Turns: 2356, Time: 00:07:03

Health: -1/32      AC: 11    Str: 18    XL:     5   Next: 69%
Magic:  5/5        EV:  3    Int: 10    God:
Gold:   176        SH: 15    Dex: 11    Spells: 4/4 levels left Game modifiers: x1.5 XP

rFire   . . .      SeeInvis .    a - +0 long sword
rCold   . . .      Gourm    .    c - +0 kite shield
rNeg    . . .      Faith    .    h - +0 plate armour
rPois   .          Spirit   .    (no helmet)
rElec   .          Reflect  +    (no cloak)
rCorr   .          Harm     .    (no gloves)
MR      .....                    (no boots)
Stlth   ..........               (no amulet)
HPRegen 0.10/turn                (no ring)
MPRegen 0.09/turn                (no ring)

@: no status effects
A: crystal skin
a: no special abilities


You were on level 3 of the Dungeon.
You were not hungry.

You visited 1 branch of the dungeon, and saw 3 of its levels.

You collected 176 gold pieces.

Inventory:

Hand Weapons
 a - a +0 long sword (weapon)
Missiles
 g - 5 silver boomerangs (quivered)
Armour
 c - a +0 kite shield (worn)
 h - a +0 plate armour (worn)
Scrolls
 d - a scroll of fear
 e - 5 scrolls of identify
 i - a scroll of enchant weapon {unknown}
 j - a scroll of teleportation {unknown}
Comestibles
 f - 4 rations


   Skills:
 + Level 3.5 Fighting
 + Level 2.9 Long Blades
 + Level 0.1 Throwing
 + Level 3.5 Armour
 + Level 0.1 Dodging
 + Level 4.3 Shields


You had 4 spell levels left.
You didn't know any spells.
Your spell library was empty.

Dungeon Overview and Level Annotations

Branches:
Dungeon (3/15)

Altars:


Message History

* * * LOW HITPOINT WARNING * * *
The giant cockroach bites you but does no damage.
You block the worm's attack. You block the giant cockroach's attack.
You closely miss the giant cockroach.
The giant cockroach is heavily wounded.
The giant cockroach bites you but does no damage.
You hit the giant cockroach but do no damage.
The giant cockroach is heavily wounded.
You block the giant cockroach's attack.
The giant cockroach bites you but does no damage.
You hit the giant cockroach but do no damage.
The giant cockroach is heavily wounded.
You block the giant cockroach's attack. x2
You slash the giant cockroach!
You kill the giant cockroach!
You hit the worm.
The worm is moderately wounded.
The worm bites you!
You die...

#........#
#.#..#
#...## ##†.#
##.## #..#
##.## #w.#
#########@##
#.........#
#.#.#######
#.# #.# #.#
#.# #.# #.#


You could see a worm.

Vanquished Creatures
  3 gnolls (D:3)
  3 adders
  An ooze (D:1)
  5 worms
  4 leopard geckos
  An orc (D:3)
  A ball python (D:1)
  11 giant cockroaches
  4 goblins
  4 hobgoblins
  4 jackals (D:2)
  9 kobolds
  2 quokkas (D:2)
  A ball python skeleton (D:3)
  5 bats
  5 frilled lizards
  10 rats
73 creatures vanquished.

Notes
Turn   | Place    | Note
-------+----------+-------------------------------------------
     0 | D:1      | Dorkslayer the Crystal Dwarf Fighter began the quest for
                  | the Orb.
     0 | D:1      | Reached XP level 1. HP: 14/14 MP: 1/1
   167 | D:1      | Reached XP level 2. HP: 19/19 MP: 2/2
   543 | D:1      | Reached XP level 3. HP: 23/23 MP: 3/3
  1200 | D:2      | Reached XP level 4. HP: 28/28 MP: 4/4
  2120 | D:3      | Reached XP level 5. HP: 29/32 MP: 5/5
  2126 | D:3      | Reached skill level 4 in Shields
  2356 | D:3      | Slain by a worm

Levels and vault maps discovered:
D:1:      minmay_arrival_up_and_down, layout_basic
D:2:      layout_basic, first_ration
D:3:      layout_rooms, portal_sewer_entry_e, minmay_bisected

Skill      XL: |  1  2  3  4  5 |
---------------+----------------+-----
Long Blades    | 2 |  2.9
Shields        | 4 |  4.3
Fighting       | |  3.5
Throwing       | |  0.1
Armour         | |  3.5
Dodging        | |  0.1

Action                   |  1- 3 |  4- 6 || total
-------------------------+-------+-------++-------
Melee: Long sword        |   147 |   190 ||   337
Throw: Boomerang         |       |     6 ||     6
  Use: Scroll            |       |     2 ||     2
       Potion            |       |     2 ||     2
  Eat: Chunk             |     1 |     1 ||     2
       Ration            |       |     1 ||     1
Armor: Scale mail        |     8 |       ||     8
       Plate armour      |    75 |   128 ||   203
Dodge: Dodged            |    14 |    16 ||    30
Block: Kite shield       |   114 |   197 ||   311
       Reflection        |       |     2 ||     2
       Rpst.: Long sword |     3 |     4 ||     7
